 Dungeon Crawl Stone Soup version 0.22.1-1-ga44c0e5 (webtiles) character file.

64078 Folque the Geomancer (level 14, -3/110 HPs)
             Began as a White Draconian Earth Elementalist on Nov 1, 2018.
             Was a High Priest of Sif Muna.
             Slain by a shadow (10 damage)
             ... on level 1 of the Swamp.
             The game lasted 02:16:35 (30049 turns).

Folque the Geomancer (DrEE)                        Turns: 30049, Time: 02:16:35

Health: -3/110     AC: 15    Str: 10    XL:     14   Next: 70%
Magic:  11/38      EV: 16    Int: 22    God:    Sif Muna [*****.]
Gold:   963        SH:  0    Dex: 13    Spells: 3/36 levels left

rFire    . . .     SeeInvis .   q - staff of wizardry
rCold    + . .     Gourm    .   (no shield)
rNeg     . . .     Faith    .   (armour unavailable)
rPois    .         Spirit   .   v - +2 hat
rElec    .         Reflect  .   (no cloak)
rCorr    .         Harm     .   r - +2 pair of gloves
MR       +....                  K - +1 pair of boots {Fly}
Stlth    ++........             P - amulet of the acrobat
HPRegen  0.28/turn              l - +2 ring of intelligence
MPRegen  0.26/turn              N - ring of magical power

@: flying, starving, hasted, divine energy, very quick
A: breathe frost, unfitting armour, cold resistance 1, cold-blooded, AC +8
a: Breathe Frost, Stop Divine Energy, Channel Magic, Forget Spell, Renounce
Religion, Stop Flying


You were on level 1 of the Swamp.
You worshipped Sif Muna.
Sif Muna was extremely pleased with you.
You were starving.

You visited 6 branches of the dungeon, and saw 25 of its levels.
You also visited: Ossuary and Ice Cave.

You collected 1460 gold pieces.
You spent 497 gold pieces at shops.

Inventory:

Hand Weapons
 m - a +8 demon trident of electrocution
 w - the +4 glaive "Asuuff" {flame, rPois}
   (You found it on level 10 of the Dungeon)

   It has been specially enchanted to burn those struck by it, causing extra
   injury to most foes and up to half again as much damage against particularly
   susceptible opponents.
   Big, fiery blades are also staple armaments of hydra-hunters.
   It protects you from poison.
 V - a +4 long sword of holy wrath
Missiles
 b - 210 stones (quivered)
 I - 5 throwing nets
Armour
 r - a +2 pair of gloves (worn)
 v - a +2 hat (worn)
 y - a +1 buckler
 K - a +1 pair of boots of flying (worn)
Magical Staves
 q - an uncursed staff of wizardry (weapon)
Jewellery
 d - an uncursed ring of ice
 l - a +2 ring of intelligence (left hand)
 N - a ring of magical power (right hand)
 P - an amulet of the acrobat (around neck)
 S - an uncursed ring of protection from cold
 U - an uncursed ring of ice
 X - the ring "Quf Ipra" {*Contam +Inv rElec MP+9 Int-2}
   (You found it on level 10 of the Dungeon)

   [ring of magical power]

   It affects your intelligence (-2).
   It insulates you from electricity.
   It affects your magic capacity (+9).
   It lets you turn invisible.
   It causes magical contamination when unequipped.
Wands
 h - a wand of digging (17)
 j - a wand of acid (1)
 A - a wand of flame (59)
 C - a wand of polymorph (39)
 D - a wand of disintegration (49)
 L - a wand of paralysis (11)
 O - a wand of iceblast (22)
Scrolls
 g - 8 scrolls of teleportation
 p - 5 scrolls of identify
 u - 4 scrolls of blinking
 x - 6 scrolls of remove curse
 G - 2 scrolls of amnesia
 J - a scroll of holy word
 R - 3 scrolls of magic mapping
 W - 2 scrolls of fog
Potions
 e - 6 potions of might
 f - 2 potions of brilliance {unknown}
 i - 5 potions of haste
 o - 2 potions of mutation {unknown}
 s - 3 potions of ambrosia
 z - 7 potions of lignification
 B - a potion of flight
 E - a potion of berserk rage {unknown}
 F - 3 potions of agility
 H - a potion of resistance {unknown}
 M - a potion of cancellation
 Y - 11 potions of curing
Miscellaneous
 t - 2 phantom mirrors
 Q - 2 sacks of spiders
 T - a lightning rod (2/4)
Comestibles
 c - 23 rations


   Skills:
 - Level 6.1 Fighting
 - Level 7.0 Dodging
 - Level 1.7 Stealth
 * Level 11.5 Spellcasting
 - Level 7.0 Conjurations
 - Level 3.7 Hexes
 - Level 4.0 Summonings
 - Level 4.0 Transmutations
 - Level 9.1 Ice Magic
 * Level 5.0 Air Magic
 + Level 14.5 Earth Magic
 - Level 7.1 Invocations
 - Level 5.7 Evocations


You had 3 spell levels left.
You knew the following spells:

 Your Spells              Type           Power        Failure   Level  Hunger
a - Sandblast             Erth           ######       0%          1    None
b - Passwall              Tmut/Erth      ######..     1%          2    None
c - Stone Arrow           Conj/Erth      ######       1%          3    None
d - Lee's Rapid Deconstr  Erth           ######....   1%          5    ####...
e - Petrify               Tmut/Erth      ######..     1%          4    None
f - Mephitic Cloud        Conj/Pois/Air  ####....     1%          3    None
g - Tukima's Dance        Hex            ####....     1%          3    None
h - Throw Icicle          Conj/Ice       #####...     1%          4    None
i - Summon Ice Beast      Ice/Summ       #####...     1%          4    None
j - Summon Lightning Spi  Summ/Air       ####....     3%          4    None

Your spell library contained the following spells:

 Spells                   Type           Power        Failure   Level  Hunger
 Beastly Appendage        Tmut           ####..       1%          1    None
 Confusing Touch          Hex            ####..       1%          1    None
 Corona                   Hex            ####...      1%          1    None
 Flame Tongue             Conj/Fire      ####.        1%          1    None
 Freeze                   Ice            ####         1%          1    None
 Sting                    Conj/Pois      ####         1%          1    None
 Summon Small Mammal      Summ           ####         1%          1    None
 Ensorcelled Hibernation  Hex/Ice        #####.       1%          2    None
 Poisonous Vapours        Pois/Air       ###...       1%          2    None
 Sticks to Snakes         Tmut           ####....     1%          2    None
 Throw Frost              Conj/Ice       #####.       1%          2    None
 Call Canine Familiar     Summ           ####....     1%          3    None
 Confuse                  Hex            ####....     1%          3    None
 Dazzling Spray           Conj/Hex       #####.       1%          3    None
 Ozocubu's Armour         Chrm/Ice       ####....     1%          3    None
 Recall                   Summ/Tloc      N/A          2%          3    None
 Spider Form              Tmut/Pois      ###.......   2%          3    None
 Gell's Gravitas          Tloc           ##........   6%          3    None
 Ice Form                 Ice/Tmut       #####...     1%          4    None
 Airstrike                Air            #####.....   2%          4    None
 Borgnjor's Vile Clutch   Necr/Erth      #####.....   3%          5    ####...
 Lightning Bolt           Conj/Air       #####.....   4%          5    ####...
 Metabolic Englaciation   Hex/Ice        #####.....   4%          5    ####...
 Aura of Abjuration       Summ           ####......   11%         5    ####...
 Blade Hands              Tmut           ####......   11%         5    ####...
 Summon Mana Viper        Hex/Summ       ####....     12%         5    ####...
 Yara's Violent Unravell  Hex/Tmut       ####......   12%         5    ####...
 Venom Bolt               Conj/Pois      ####......   14%         5    ####...
 Olgreb's Toxic Radiance  Pois           ##......     21%         4    None
 Bolt of Fire             Conj/Fire      ####......   56%         6    #####..
 Ring of Flames           Chrm/Fire      ##........   100%        7    #######
 Tornado                  Air            #####.....   100%        9    #######


Dungeon Overview and Level Annotations

Branches:
Dungeon (15/15)            Temple (1/1) D:6            Lair (6/6) D:8
  Swamp (1/4) Lair:2       Spider (0/4) Lair:3        Slime (0/5) Lair:5
    Orc (1/2) D:9          Vaults (0/5) D:14         Depths (1/5) D:15

Altars:
Ashenzari
Cheibriados
Dithmenos
Elyvilon
Fedhas
Gozag
Hepliaklqana
Kikubaaqudgha
Makhleb
Nemelex Xobeh
Okawaru
Qazlal
Ru
Sif Muna
Trog
Uskayaw
Vehumet
Wu Jian
Xom
Yredelemnul
Zin
The Shining One

Shops:
D:9 (   D:11 ?:   D:12 *

Portals:
Trove: D:12 (lose all piety)

Annotations:
D:15 exclusion: Roxanne, Roxanne
Lair:1 exclusion: oklob plant
Lair:4 1 runed door, Ishrid's ghost, journeyman MiBe


Innate Abilities, Weirdness & Mutations

You can breathe waves of freezing cold.
You can buffet flying creatures when you breathe cold.
Your icy white scales are hard. (AC +8)
You cannot fit into any form of body armour.
Your flesh is cold resistant. (rC+)
You are cold-blooded and may be slowed by cold attacks.


Message History

Your ice beast dies!
The five-headed hydra barely misses your lightning spire.
The five-headed hydra bites your lightning spire but does no damage.
The five-headed hydra completely misses your lightning spire.
The five-headed hydra barely misses your lightning spire.
The five-headed hydra bites your lightning spire!
Your ice beast hits the six-headed hydra.
Your ice beast freezes the six-headed hydra!
The six-headed hydra seems to slow down.
Your ice beast's attack snaps the six-headed hydra out of its fear.
Found a potion of lignification.
You feel yourself speed up.
The six-headed hydra bites your lightning spire.
The six-headed hydra completely misses your lightning spire.
The six-headed hydra bites your lightning spire.
Your lightning spire is destroyed!
The six-headed hydra bites your ice beast! x2
Your ice beast dies!
The shadow hits you!
You die...

♣.≈≈! ♣≈.§♣ ≈ .≈
♣♣♣♣♣..§♣♣♣♣..
.≈♣♣≈≈≈.≈≈≈.≈≈≈.≈
.≈≈≈≈≈≈y≈≈..≈≈≈
..≈≈≈≈≈≈≈≈...
#.≈≈..≈≈≈.≈♣
#.≈w[[≈≈≈@≈♣
#.....≈≈W.§♣
#.♣♣♣♣≈.§♣♣.♣
♣.D<♣ ♣♣ ♣≈≈.♣
♣≈♣DD♣ ..♣♣♣♣♣
.§.≈ .≈.≈


You could see a six-headed hydra (fleeing), a five-headed hydra (fleeing), a
swamp dragon (fleeing), a swamp worm (fleeing), a vampire mosquito and a shadow.

Vanquished Creatures
  Louise (D:15)
  Fannar (Lair:2)
  4 hydras
  Harold (Lair:2)
  2 centaur warriors (D:13)
  A catoblepas (Lair:6)
  2 dancing weapons (D:14)
  6 two-headed ogres
  11 death yaks
  A deep troll shaman (Lair:6)
  A tengu warrior (D:15)
  Urug (D:11)
  An orc knight (D:15)
  Pikel (D:3)
  2 cyclopes
  A deep elf mage (D:15)
  2 manticores
  An orc sorcerer (D:15)
  7 ugly things
  5 elephants
  A naga mage (D:15)
  11 spiny frogs
  A centaur skeleton (D:14)
  2 gargoyles
  2 kobold demonologists
  2 komodo dragons
  A freezing wraith (D:15)
  An efreet (D:15)
  A rime drake (Lair:4)
  A tengu conjurer (D:14)
  4 trolls
  A polar bear (Lair:6)
  4 jumping spiders (Lair:3)
  A queen bee (shapeshifter) (D:15)
  8 hippogriffs
  6 slime creatures
  7 blink frogs
  A wyvern (D:11)
  A spriggan (Lair:2)
  A vampire (D:9)
  A redback (Lair:3)
  12 yaks
  3 basilisks
  A hog (D:13)
  Eustachio (D:4)
  A hungry ghost (D:8)
  Menkaure (D:5)
  14 water moccasins
  2 acid dragons
  13 porcupines
  7 orc warriors
  2 sky beasts
  10 ice beasts
  A slave (D:4)
  A necrophage (D:10)
  5 black bears
  11 ogres
  10 wolves
  3 phantoms
  9 centaurs
  7 crocodiles
  4 big kobolds
  16 bullfrogs
  A wyvern zombie (D:12)
  A gnoll sergeant (D:8)
  A water moccasin zombie (D:8)
  2 wyvern skeletons
  A water moccasin skeleton (D:8)
  10 killer bees (D:8)
  3 scorpions
  8 wights
  3 electric eels (Lair:2)
  9 crimson imps
  A howler monkey (D:4)
  3 centaur zombies
  6 jellies
  3 bullfrog zombies
  5 hounds
  A gnoll shaman (D:5)
  A human zombie (Ossuary)
  5 orc priests
  3 bullfrog skeletons
  5 hell rats (Lair:3)
  Ijyb (D:5)
  Natasha (thrice) (D:4)
  6 iguanas
  11 orc wizards
  7 worker ants
  2 big kobold zombies (Ossuary)
  2 hound zombies
  3 mummies (Ossuary)
  A worker ant zombie (D:7)
  A howler monkey skeleton (D:10)
  8 gnolls
  13 adders
  4 shadow imps
  An ooze (D:3)
  An adder skeleton (D:10)
  2 adder zombies (D:8)
  2 worms
  2 dart slugs
  8 leopard geckos
  44 orcs
  6 giant cockroaches
  4 hobgoblins
  14 jackals
  3 quokkas
  A ball python (D:5)
  4 bats
  4 frilled lizards
  2 gnoll zombies (Ossuary)
  10 goblins
  16 kobolds
  A kobold zombie (Ossuary)
  A leopard gecko zombie (D:9)
  3 quokka skeletons
  A quokka zombie (D:7)
  8 rats
  A rat zombie (D:7)
  A fungus (Lair:1)
518 creatures vanquished.

Vanquished Creatures (collateral kills)
  Kirke (D:13)
  A hydra (Lair:6)
  3 death yaks
  A wizard (D:14)
  An elephant (Lair:6)
  3 spiny frogs
  A komodo dragon (Lair:6)
  3 blink frogs
  3 yaks (Lair:6)
  3 vampire mosquitoes (Swamp:1)
  A swamp worm (Swamp:1)
  2 water moccasins (Lair:6)
  A crocodile (Lair:6)
  A bullfrog (Lair:5)
25 creatures vanquished.

Vanquished Creatures (others)
  12 fungi
  11 plants
23 creatures vanquished.

Grand Total: 566 creatures vanquished

Notes
Turn   | Place    | Note
-------+----------+-------------------------------------------
     0 | D:1      | Folque the Draconian Earth Elementalist began the quest for
                  | the Orb.
     0 | D:1      | Reached XP level 1. HP: 14/14 MP: 3/3
   530 | D:1      | Reached XP level 2. HP: 15/20 MP: 5/5
  1317 | D:1      | Learned a level 2 spell: Passwall
  1438 | D:2      | Reached XP level 3. HP: 26/26 MP: 3/6
  1460 | D:2      | Reached skill level 4 in Earth Magic
  1514 | D:2      | Found a radiant altar of Vehumet.
  1785 | D:3      | Noticed a centaur
  1948 | D:3      | Killed a centaur
  1948 | D:3      | Reached XP level 4. HP: 12/33 MP: 1/8
  1958 | D:2      | Learned a level 3 spell: Stone Arrow
  2169 | D:3      | Reached skill level 5 in Earth Magic
  2170 | D:3      | Reached XP level 5. HP: 30/38 MP: 6/9
  2183 | D:3      | Reached skill level 1 in Conjurations
  2754 | D:3      | Learned a level 5 spell: Lee's Rapid Deconstruction
  3225 | D:4      | Noticed a phantom
  3245 | D:4      | Killed a phantom
  3245 | D:4      | Reached XP level 6. HP: 37/45 MP: 0/12
  3420 | D:4      | Found a burning altar of Makhleb.
  3483 | D:4      | Noticed Natasha
  3488 | D:4      | Killed Natasha
  3494 | D:4      | Noticed Natasha
  3499 | D:4      | Killed Natasha
  3574 | D:4      | Noticed Natasha
  3581 | D:4      | Killed Natasha
  3692 | D:4      | Your scales start taking on an icy white colour.
  3692 | D:4      | Reached XP level 7. HP: 45/50 MP: 0/14
  3692 | D:4      | Gained mutation: Your flesh is cold resistant. (rC+) [White
                  | Draconian growth]
  3841 | D:4      | Noticed Pikel
  4097 | D:3      | Killed Pikel
  4097 | D:3      | Reached skill level 5 in Spellcasting
  4097 | D:3      | Reached skill level 6 in Earth Magic
  4097 | D:3      | Reached XP level 8. HP: 15/57 MP: 1/16
  4103 | D:3      | Learned a level 4 spell: Petrify
  4329 | D:4      | Noticed Eustachio
  4385 | D:4      | Killed Eustachio
  4385 | D:4      | Reached skill level 1 in Fighting
  4624 | D:4      | Reached skill level 7 in Earth Magic
  4916 | D:5      | Entered Level 5 of the Dungeon
  5061 | D:5      | Noticed Menkaure
  5073 | D:5      | Killed Menkaure
  5654 | D:5      | Noticed Ijyb
  5663 | D:5      | Killed Ijyb
  5899 | D:6      | Reached skill level 8 in Earth Magic
  6026 | D:6      | Reached XP level 9. HP: 69/69 MP: 14/18
  6175 | D:6      | Found a staircase to the Ecumenical Temple.
  6185 | Temple   | Entered the Ecumenical Temple
  6356 | Temple   | Became a worshipper of Sif Muna the Loreminder
  6639 | D:7      | Noticed a two-headed ogre
  6722 | D:7      | Reached skill level 9 in Earth Magic
  6807 | D:7      | Reached * piety under Sif Muna
  6807 | D:7      | Reached ** piety under Sif Muna
  6807 | D:7      | Reached skill level 5 in Fighting
  6807 | D:7      | Reached skill level 11 in Earth Magic
  6807 | D:7      | Reached XP level 10. HP: 83/83 MP: 12/21
  6968 | D:7      | Killed a two-headed ogre
  7135 | D:7      | Found a sand-covered staircase.
  7148 | Ossuary  | Entered an ossuary
  7471 | Ossuary  | Reached *** piety under Sif Muna
  7841 | D:7      | Reached skill level 5 in Invocations
  8687 | D:8      | Found a staircase to the Lair.
  8968 | D:8      | Noticed a two-headed ogre
  9082 | D:8      | Reached XP level 11. HP: 89/89 MP: 16/22
  9348 | D:8      | Killed a two-headed ogre
 10023 | D:9      | Found Fiatienic's Antique Weapon Shop.
 10162 | D:9      | Found a staircase to the Orcish Mines.
 10646 | D:10     | Entered Level 10 of the Dungeon
 10646 | D:10     | Found a snail-covered altar of Cheibriados.
 10947 | D:10     | Noticed a skeletal warrior
 11147 | D:10     | Got a glittering brass ring
 11149 | D:10     | Got a slimy glaive
 11151 | D:10     | Identified the ring "Quf Ipra" {*Contam +Inv rElec MP+9
                  | Int-2} (You found it on level 10 of the Dungeon)
 11821 | D:10     | Identified the +4 glaive "Asuuff" {flame, rPois} (You found
                  | it on level 10 of the Dungeon)
 11964 | D:10     | Learned a level 3 spell: Mephitic Cloud
 11968 | D:10     | Learned a level 3 spell: Tukima's Dance
 12141 | D:11     | Reached **** piety under Sif Muna
 12147 | D:11     | Noticed Urug
 12629 | D:11     | Found Geugid's Magic Scroll Shop.
 12657 | D:11     | Reached skill level 1 in Air Magic
 12775 | D:11     | Noticed a two-headed ogre
 12799 | D:11     | Killed a two-headed ogre
 12799 | D:11     | Reached skill level 12 in Earth Magic
 12992 | D:11     | Bought a scroll of teleportation for 42 gold pieces
 12996 | D:11     | Found Poiw's Book Emporium.
 13097 | D:11     | Noticed a two-headed ogre
 13324 | D:11     | Noticed a white ugly thing
 13359 | D:11     | Killed a white ugly thing
 13396 | D:11     | Noticed a two-headed ogre
 13569 | Lair:1   | Entered Level 1 of the Lair of Beasts
 13868 | Lair:1   | Noticed an oklob plant
 14273 | Lair:1   | Reached skill level 1 in Hexes
 14296 | Lair:1   | Reached XP level 12. HP: 96/96 MP: 11/25
 15011 | Lair:2   | Found a staircase to the Swamp.
 15075 | Lair:2   | Noticed Fannar
 15096 | Lair:2   | Killed Fannar
 15177 | Lair:2   | Noticed Harold
 15183 | Lair:2   | Killed Harold
 15183 | Lair:2   | Reached skill level 5 in Dodging
 15686 | Lair:3   | Reached skill level 10 in Spellcasting
 15850 | Lair:3   | Noticed a death yak
 15850 | Lair:3   | Noticed a death yak
 15851 | Lair:3   | Noticed a death yak
 15851 | Lair:3   | Noticed a death yak
 15890 | Lair:2   | Killed a death yak
 15991 | Lair:3   | Noticed a death yak
 16016 | Lair:2   | Killed a death yak
 16175 | D:11     | Killed Urug
 16183 | D:11     | Bought a book of Frost for 455 gold pieces
 16188 | D:11     | Learned a level 4 spell: Throw Icicle
 16193 | D:11     | Learned a level 4 spell: Summon Ice Beast
 16334 | D:12     | Reached skill level 1 in Ice Magic
 16566 | D:12     | Found a frozen archway.
 16579 | IceCv    | Entered an ice cave
 16588 | IceCv    | Reached skill level 1 in Summonings
 16724 | IceCv    | Found a transporter.
 16941 | D:12     | Found a portal to a secret trove of treasure.
 17352 | D:12     | Found Goytosed's General Store.
 17430 | D:12     | Identified the Catalogue of Envenoming and the Blaze
 17883 | D:13     | Noticed a centaur warrior
 17888 | D:13     | Killed a centaur warrior
 17981 | D:13     | Noticed a centaur warrior
 17990 | D:13     | Killed a centaur warrior
 17990 | D:13     | Reached skill level 5 in Ice Magic
 18019 | D:13     | Reached XP level 13. HP: 95/102 MP: 7/27
 18166 | D:13     | Noticed Kirke
 18174 | D:13     | Killed Kirke
 18308 | D:13     | Identified the Reference Book on the Congealing Escort
 18622 | D:14     | Reached ***** piety under Sif Muna
 18750 | D:14     | Identified Sif Muna's Handbook of the Butterfly (Sif Muna
                  | gifted it to you on level 14 of the Dungeon)
 18750 | D:14     | Received a gift from Sif Muna
 19286 | D:14     | Found a gate to the Vaults.
 20235 | D:15     | Entered Level 15 of the Dungeon
 20300 | D:15     | Reached skill level 1 in Evocations
 20651 | D:15     | Noticed Louise
 20843 | D:15     | Killed Louise
 21078 | D:15     | Noticed Roxanne
 21183 | D:15     | Reached skill level 13 in Earth Magic
 22242 | D:15     | Found a staircase to the Depths.
 22377 | Depths:1 | Entered Level 1 of the Depths
 22377 | Depths:1 | Noticed a frost giant
 22377 | Depths:1 | Noticed a stone giant
 22377 | Depths:1 | Noticed a fire dragon
 22975 | Lair:3   | Found a hole to the Spider Nest.
 23066 | Lair:3   | Reached skill level 5 in Evocations
 23440 | Lair:3   | Reached XP level 14. HP: 110/110 MP: 28/28
 23870 | Lair:4   | Identified Sif Muna's Papyrus of Gliding Darkness (Sif Muna
                  | gifted it to you on level 4 of the Lair of Beasts)
 23870 | Lair:4   | Received a gift from Sif Muna
 24821 | Lair:4   | Found a runed door.
 24821 | Lair:4   | Found a shimmering altar of Xom.
 24827 | Lair:4   | Noticed Ishrid's ghost (journeyman MiBe)
 26441 | Lair:5   | Reached skill level 14 in Earth Magic
 26804 | Lair:5   | Found a staircase to the Slime Pits.
 26912 | Lair:6   | Entered Level 6 of the Lair of Beasts
 27412 | Lair:6   | Learned a level 4 spell: Summon Lightning Spire
 29423 | Lair:6   | Received a gift from Sif Muna
 29442 | Lair:6   | Reached skill level 5 in Air Magic
 29909 | Orc:1    | Entered Level 1 of the Orcish Mines
 29909 | Orc:1    | Noticed an orc warlord
 30030 | Swamp:1  | Entered Level 1 of the Swamp
 30049 | Swamp:1  | Slain by a shadow

Skill      XL: |  1  2  3  4  5  6  7  8  9 10 11 12 13 14 |
---------------+-------------------------------------------+-----
Earth Magic    | 4 5 6 8 11 12 13 14 | 14.5
Spellcasting   | 3 4 5 6 7 9 10 11 | 11.5
Conjurations   | 2 3 4 6 7 |  7.0
Fighting       | 3 5 6 |  6.1
Dodging        | 2 4 6 7 |  7.0
Transmutations | 3 4 |  4.0
Invocations    | 4 5 7 |  7.1
Air Magic      | 3 5 |  5.0
Hexes          | 1 3 |  3.7
Ice Magic      | 5 8 9 |  9.1
Summonings     | 2 4 |  4.0
Evocations     | 5 |  5.7
Stealth        | |  1.7

Action                   |  1- 3 |  4- 6 |  7- 9 | 10-12 | 13-15 || total
-------------------------+-------+-------+-------+-------+-------++-------
Melee: Unarmed           |    29 |       |       |       |       ||    29
       Dagger            |    45 |       |       |       |       ||    45
       Tailslap          |     8 |    15 |     9 |     9 |     6 ||    47
       Short sword       |    20 |    48 |       |       |       ||    68
       Flail             |       |    28 |       |       |       ||    28
       Long sword        |       |    41 |    26 |       |       ||    67
       Whip              |       |       |    83 |     6 |       ||    89
       Spear             |       |       |    61 |    18 |       ||    79
       Staff             |       |       |       |    86 |    11 ||    97
       Glaive            |       |       |       |       |    48 ||    48
 Cast: Sandblast         |    21 |    22 |    42 |   120 |   102 ||   307
       Stone Arrow       |       |    14 |    43 |   192 |   131 ||   380
       Lee's Rapid Decon |       |     3 |     9 |   123 |   101 ||   236
       Petrify           |       |       |     1 |    62 |    46 ||   109
       Passwall          |       |       |       |     4 |     3 ||     7
       Throw Icicle      |       |       |       |     8 |    71 ||    79
       Mephitic Cloud    |       |       |       |     3 |    18 ||    21
       Summon Ice Beast  |       |       |       |       |    71 ||    71
       Tukima's Dance    |       |       |       |       |     3 ||     3
       Summon Lightning  |       |       |       |       |    10 ||    10
Invok: Divine Energy     |       |       |       |     2 |       ||     2
       Channel Magic     |       |       |       |    12 |     6 ||    18
       Stop Divine Energ |       |       |       |     1 |       ||     1
 Abil: Breathe Frost     |       |       |     4 |     1 |     4 ||     9
Evoke: Wand              |       |       |     2 |     2 |     8 ||    12
       Lightning rod     |       |       |       |       |     2 ||     2
  Use: Potion            |       |     2 |     3 |     1 |     7 ||    13
       Scroll            |       |       |    14 |    13 |    14 ||    41
 Stab: Sleeping          |     1 |     1 |     7 |       |       ||     9
       Petrified         |       |       |       |     9 |    23 ||    32
       Petrifying        |       |       |       |       |     1 ||     1
  Eat: Chunk             |     3 |     8 |    14 |    48 |    35 ||   108
       Ration            |       |       |     1 |     8 |     7 ||    16
Armor: Skin              |    28 |    36 |    79 |    99 |   106 ||   348
Dodge: Dodged            |    66 |    73 |    92 |   220 |   285 ||   736
       Rpst.: Long sword |       |     9 |     9 |       |       ||    18
